 Dungeon Crawl Stone Soup version 0.29-a0-676-ga64570c9d2 (webtiles) character file.

Game seed: 9566377670916407149

266 pokeman the Magician (level 6, -1/29 (34) HPs)
             Began as a Deep Elf Hedge Wizard on June 24, 2022.
             Slain by Blork the orc
             ... wielding a +2 mace of draining
              (4 damage)
             ... on level 4 of the Dungeon.
             The game lasted 00:08:06 (4073 turns).

pokeman the Magician (Deep Elf Hedge Wizard)        Turns: 4073, Time: 00:08:07

HP:   -1/29 (34)    AC:  2    Str:  7    XL:     6   Next: 0%
MP:   6/17          EV: 13    Int: 21    God:
Gold: 184           SH:  0    Dex: 14    Spells: 7/18 levels left

rFire   . . .      SeeInvis .   p - +7 club
rCold   . . .      Faith    .   (no shield)
rNeg    . . .      Spirit   .   b - +0 robe
rPois   .          Reflect  .   c - +0 hat
rElec   .          Harm     .   (no cloak)
rCorr   .          Rampage  .   (no gloves)
Will    .....                   (no boots)
Stlth   ++........              (no amulet)
HPRegen 0.09/turn               (no ring)
MPRegen 0.15/turn               (no ring)

@: on blink cooldown, heavily drained
A: no striking features
a: no special abilities


You were on level 4 of the Dungeon.
You visited 1 branch of the dungeon, and saw 4 of its levels.

You collected 184 gold pieces.

Inventory:

Hand Weapons
 p - a +7 club (weapon)
Armour
 b - a +0 robe (worn)
 c - a +0 hat (worn)
 w - an orb of mayhem
Magical Staves
 n - a staff of poison
Wands
 t - a wand of quicksilver (7)
Scrolls
 a - a scroll of enchant armour {unknown}
 f - a scroll of summoning {unknown}
 j - a scroll of poison {unknown}
 k - a scroll of teleportation {unknown}
 m - a scroll of noise {unknown}
 r - 3 scrolls of fear {unknown}
 s - a scroll of identify {unknown}
 v - a scroll of amnesia {unknown}
Potions
 d - a potion of magic
 e - 2 potions of mutation {unknown}
 g - a potion of degeneration {unknown}
 h - a potion of haste {unknown}
 i - 2 potions of heal wounds {unknown}
 l - a potion of might {unknown}
 o - 2 potions of brilliance {unknown}
 q - a potion of flight {unknown}
 u - a potion of lignification {unknown}


   Skills:
 - Level 1.0 Fighting
 - Level 1.0 Armour
 - Level 3.1 Dodging
 - Level 3.0 Stealth
 * Level 6.7 Spellcasting
 + Level 3.0 Conjurations
 - Level 1.1 Summonings
 - Level 1.1 Translocations
 - Level 1.5 Fire Magic
 + Level 0.8 Air Magic
 + Level 0.0 Evocations


You had 7 spell levels left.
You knew the following spells:

 Your Spells              Type           Power      Damage    Failure   Level
a - Magic Dart            Conj           76%        1d6       2%          1
b - Mephitic Cloud        Conj/Pois/Air  12%        N/A       16%         3
c - Call Imp              Summ           11%        N/A       9%          2
d - Blink                 Tloc           22%        N/A       9%          2
e - Conjure Flame         Conj/Fire      16%        6-21      11%         3

Your spell library contained the following spells:

 Spells                   Type           Power      Damage    Failure   Level
 Apportation              Tloc           22%        N/A       6%          1
 Summon Small Mammal      Summ           44%        N/A       6%          1
 Necrotize                Necr           28%        1d5       9%          1
 Slow                     Hex            28%        N/A       9%          1


Dungeon Overview and Level Annotations

Branches:
Dungeon (4/15)
 Temple: D:4-7

Altars:
Nemelex Xobeh

Shops:
D:3 [   D:4 [

Annotations:
D:3 3 runed translucent doors, Newt's ghost, amateur OpTm
D:4 Blork the orc


Message History

Press: ? - help, Shift-Dir - straight line, f/p - Blork the orc
Aim: Blork the orc, wielding a +2 mace of draining and wearing a +0 robe (lightly wounded, fast, chance to affect: 86%)
The ball explodes into a vile cloud!
The stinking cloud engulfs Blork the orc but does no damage.
Blork the orc is lightly wounded.
The stinking cloud engulfs the iguana but does no damage.
Blork the orc is engulfed in noxious fumes.
The iguana is engulfed in noxious fumes.
The iguana appears confused.
The iguana closely misses Blork the orc.
Unknown command.
Unknown command.
You hit Blork the orc.
Blork the orc is moderately wounded.
Blork the orc hits you with a +2 mace of draining!
You feel drained.
Blork the orc hits you with a +2 mace of draining!
You feel drained.
The iguana is engulfed in noxious fumes.
The iguana appears confused.
Casting: Mephitic Cloud (quite dangerous; 16% risk of failure)
Confirm with . or Enter, or press ? or * to list all spells.
You blink.
Unknown command.
Casting: Blink (safe; 9% risk of failure)
Confirm with . or Enter, or press ? or * to list all spells.
The spell is quite dangerous to miscast (16% risk of failure)!
Continue anyway?
Aiming: Mephitic Cloud (quite dangerous; 16% risk of failure)
Press: ? - help, Shift-Dir - straight line, f/p - Blork the orc
Aim: Blork the orc, wielding a +2 mace of draining and wearing a +0 robe (moderately wounded, fast, chance to affect: 86%) That beam is likely to hit you.
Continue anyway?
The ball explodes into a vile cloud!
The stinking cloud engulfs Blork the orc but does no damage.
Blork the orc is moderately wounded.
The stinking cloud engulfs you but does no damage.
Blork the orc is engulfed in noxious fumes.
Blork the orc hits you with a +2 mace of draining!
* * * LOW HITPOINT WARNING * * *
You feel drained.
You die...

.#### #. .....
.....## ####. .....
#......##... ....
##...#......####
#..
#.......(......###
#..
........:........#
#..
............☼@.# #.
.......l.°.°o☼.# #.
.........°.☼.☼.#
#.##########.
........##.#####
#....>..#....
..........§#
#####.....##.
.......##..####
#.##..##. #.....#
#.....## ##.###<...
##...####......####
#..# #####
###.....####......
#.## #


You could see Blork the orc (fast) and an iguana (confused).

Vanquished Creatures
  A phantom (D:3)
  A necrophage (D:4)
  Jessica (D:2)
  A gnoll (D:1)
  An adder (D:4)
  3 dart slugs
  An orc (D:3)
  5 ball pythons
  10 endoplasms
  4 giant cockroaches
  8 goblins
  9 hobgoblins
  4 jackals (D:2)
  5 kobolds
  4 quokkas
  9 bats
  3 frilled lizards
  6 rats
76 creatures vanquished.

Vanquished Creatures (others)
  2 fungi (D:3)
  2 plants (D:3)
4 creatures vanquished.

Grand Total: 80 creatures vanquished

Notes
Turn   | Place    | Note
-------+----------+-------------------------------------------
     0 | D:1      | pokeman the Deep Elf Hedge Wizard began the quest for the
                  | Orb.
     0 | D:1      | Reached XP level 1. HP: 10/10 MP: 7/7
   272 | D:1      | Reached XP level 2. HP: 16/16 MP: 5/9
   519 | D:1      | Found a faded altar of an unknown god.
   604 | D:1      | Reached skill level 5 in Spellcasting
   774 | D:1      | Reached XP level 3. HP: 20/20 MP: 5/11
   783 | D:1      | Learned a level 3 spell: Mephitic Cloud
   786 | D:1      | Learned a level 2 spell: Call Imp
   791 | D:1      | Learned a level 2 spell: Blink
   795 | D:1      | Learned a level 3 spell: Conjure Flame
  1317 | D:2      | Reached skill level 1 in Fighting
  1605 | D:2      | Reached skill level 1 in Armour
  1715 | D:2      | Found a sparkling altar of Nemelex Xobeh.
  2056 | D:2      | Reached XP level 4. HP: 25/25 MP: 11/13
  2105 | D:2      | Noticed Jessica
  2114 | D:2      | Killed Jessica
  2707 | D:3      | Found Zuri's Armour Shoppe.
  2789 | D:3      | Reached skill level 1 in Fire Magic
  2803 | D:3      | Noticed a phantom
  2821 | D:3      | Killed a phantom
  2822 | D:3      | Reached skill level 6 in Spellcasting
  2822 | D:3      | Reached XP level 5. HP: 11/29 MP: 1/15
  3364 | D:3      | Found a runed translucent gate.
  3364 | D:3      | Found a runed translucent gate.
  3364 | D:3      | Found a runed translucent gate.
  3365 | D:3      | Noticed Newt's ghost (amateur OpTm)
  3663 | D:4      | Noticed Blork the orc
  3916 | D:4      | Found Fithoteo's Antique Armour Boutique.
  4018 | D:4      | Reached XP level 6. HP: 34/34 MP: 13/17
  4073 | D:4      | Slain by Blork the orc

Illustrated notes

Levels and vault maps discovered:
D:1:      scummos_arrival_simple_fountains, layout_basic,
          shapermc_ecumenical_altar_totnotflames, nicolae_grassy_gnolls
D:2:      layout_basic, basic_altar, minmay_cupped, uniq_jessica
D:3:      layout_rooms, gammafunk_ghost_nasty_kobolds, serial_shops, shop
D:4:      layout_rooms, serial_shops, shop, uniq_blork_the_orc

Skill      XL: |  1  2  3  4  5 |
---------------+----------------+-----
Spellcasting   | 5 6 |  6.7
Fighting       | 1 |  1.0
Armour         | 1 |  1.0
Conjurations   | 2 3 |  3.0
Fire Magic     | 1 |  1.5
Dodging        | 3 |  3.1
Stealth        | 3 |  3.0
Summonings     | |  1.1
Translocations | |  1.1
Air Magic      | |  0.8

Action                   |  1- 3 |  4- 6 || total
-------------------------+-------+-------++-------
Melee: Dagger            |     1 |       ||     1
       Spear             |    16 |       ||    16
       Club              |       |    11 ||    11
 Cast: Magic Dart        |   112 |    82 ||   194
       Conjure Flame     |       |     3 ||     3
       Mephitic Cloud    |       |     4 ||     4
       Blink             |       |     1 ||     1
 Stab: Sleeping          |       |     1 ||     1
Armor: Robe              |     8 |     4 ||    12
Dodge: Dodged            |    40 |    16 ||    56

Table legend: (Time is in decaauts)
 A = Elapsed time spent in this place.
 B = Non-inter-level travel time spent in this place.
 C = Inter-level travel time spent in this place.
 D = Time resting spent in this place.
 E = Time spent auto-exploring this place.
 F = Levels seen in this place.
 G = Mean time per level.
                   A        B        C        D        E       F      G
               +--------+--------+--------+--------+--------+-----+--------+
         Total |   4076 |   3997 |     79 |    345 |   3191 |   4 | 1019.0 |
       Dungeon |   4076 |   3997 |     79 |    345 |   3191 |   4 | 1019.0 |
               +--------+--------+--------+--------+--------+-----+--------+

Top non-repeatable levels by time:
     D:1: 1545 daAuts
     D:2: 1162 daAuts
     D:3: 1013 daAuts
     D:4: 355 daAuts
